 Dungeon Crawl Stone Soup version 0.24.0-13-gcf9b3192b9 (webtiles) character file.

Game seed: 11825376857172076662, levelgen mode: deterministic

39 OleJ the Ducker (level 3, 0/17 HPs)
             Began as a Felid Abyssal Knight on Nov 10, 2019.
             Was a Follower of Lugonu.
             Slain by Terence
             ... wielding a +0 short sword
              (5 damage)
             ... on level 3 of the Dungeon.
             The game lasted 00:02:43 (2289 turns).

OleJ the Ducker (Felid Abyssal Knight)              Turns: 2289, Time: 00:02:43

Health: 0/17       AC:  1    Str:  9    XL:     3   Next: 26%
Magic:  5/5        EV: 19    Int: 13    God:    Lugonu [*.....]
Gold:   189        SH:  0    Dex: 15    Spells: 2/2 levels left
                                        Lives:  0   Deaths: 0

rFire    . . .     SeeInvis +     - Unarmed
rCold    . . .     Gourm    .   (shield unavailable)
rNeg     . . .     Faith    .   (armour unavailable)
rPois    .         Spirit   .   (helmet unavailable)
rElec    .         Reflect  .   (cloak unavailable)
rCorr    .         Harm     .   (gloves unavailable)
MR       .....                  (boots unavailable)
Stlth    ++........             (no amulet)
HPRegen  0.05/turn              (no ring)
MPRegen  0.09/turn              (no ring)

@: quick
A: very small, no armour, no weapons or thrown items, stealth, claws 1, fangs 3,
see invisible, carnivore, speed 1, shaggy fur 1, slow metabolism 1, sharp paws
a: Depart the Abyss, Renounce Religion


You were on level 3 of the Dungeon.
You worshipped Lugonu.
Lugonu was aware of your devotion.
You were very full.

You visited 1 branch of the dungeon, and saw 3 of its levels.
You visited the Abyss 1 time.

You collected 189 gold pieces.

Inventory:

Jewellery
 i - an uncursed ring of wizardry {unknown}
Wands
 j - a wand of digging (4)
Scrolls
 c - a scroll of identify
 d - 2 scrolls of remove curse
 h - a scroll of noise {unknown}
Potions
 b - a potion of curing {unknown}
 e - a potion of haste {unknown}
Comestibles
 a - 2 rations


   Skills:
 + Level 3.4 Fighting
 + Level 3.8 Dodging
 + Level 1.3 Stealth
 + Level 2.5 Unarmed Combat
 + Level 1.9 Invocations


You had 2 spell levels left.
You didn't know any spells.
Your spell library was empty.

Dungeon Overview and Level Annotations

Branches:
Dungeon (3/15)

Altars:

Annotations:
D:2 Sigmund
D:3 Terence


Innate Abilities, Weirdness & Mutations

You cannot wear armour.
You are incapable of wielding weapons or throwing items.
Your paws allow you to move quietly. (Stealth)
You have sharp claws.
You have razor-sharp teeth.
You have supernaturally acute eyesight. (SInv)
You are carnivorous and can eat meat at any time.
You cover ground quickly.
You are covered in fur. (AC +1)
You have a slow metabolism.
Your sharp claws are effective at attacking unaware monsters.


Message History

You hear a shout!
You see here a poisoned dart.
You hear a shout!
The rat twitches its whiskers.
The orc wizard shouts!
The orc wizard gestures wildly while chanting.
The orc wizard flickers and vanishes for a moment.
Terence the Incautious comes into view.
He is wielding a +0 short sword.
An orc comes into view. It is wielding a +0 club.
As you read the scroll labeled CAIVOZ MUQEA, it crumbles to dust.
It is a scroll of identify.
d - 2 scrolls of remove curse
As you read the scroll labeled REISUGGENWITZ, it crumbles to dust.
The creatures around you are filled with an inner flame!
It was a scroll of immolation.
As you read the scroll labeled QENOW WOXT, it crumbles to dust.
It is a scroll of enchant armour.
You aren't carrying any armour which can be enchanted further.
Terence hits you with a +0 short sword.
You die...

#.#....#....o.r..
####.#.#.o..#####.o.
#....o.o....# ####
#.####.#....# # #o#
#.+....# # #.##
######## # #.o#
#.@## ##.@# ##.# #..
##.o ... #.## ##


You could see Terence (inner flame) and 3 orcs.

Vanquished Creatures
  2 dart slugs
  2 leopard geckos (D:1)
  9 goblins
  4 hobgoblins
  3 kobolds (D:1)
  A ball python (D:2)
  5 bats (D:1)
  2 frilled lizards (D:1)
  3 rats (D:1)
31 creatures vanquished.

Notes
Turn   | Place    | Note
-------+----------+-------------------------------------------
     0 | Abyss:1  | OleJ the Felid Abyssal Knight began the quest for the Orb.
     0 | Abyss:1  | Reached XP level 1. HP: 10/10 MP: 3/3
    28 | Abyss:1  | Noticed a small abomination
    29 | D:1      | Escaped the Abyss
   399 | D:1      | Reached XP level 2. HP: 11/14 MP: 4/4
   551 | D:1      | Reached * piety under Lugonu
  1177 | D:1      | Reached skill level 1 in Stealth
  1433 | D:2      | Reached XP level 3. HP: 16/17 MP: 5/5
  1681 | D:2      | Noticed Sigmund
  2273 | D:3      | Noticed Terence
  2289 | D:3      | Slain by Terence

Levels and vault maps discovered:
D:1:      saegor_arrival_simple_d, layout_loops_cross
D:2:      cheibrodos_greedy_goblins, layout_basic, uniq_sigmund
D:3:      layout_basic, serial_curves, eino_curves_03, eino_curves_01,
          uniq_terence, uniq_purgy

Skill      XL: |  1  2 |
---------------+-------+-----
Stealth        | 1 |  1.3
Fighting       | |  3.4
Dodging        | |  3.8
Unarmed Combat | |  2.5
Invocations    | |  1.9

Action                   || total
-------------------------++-------
Melee: Unarmed           ||    93
       Bite              ||     7
Invok: Depart the Abyss  ||     1
  Use: Scroll            ||     3
 Stab: Sleeping          ||     6
  Eat: Chunk             ||     9
Armor: Skin              ||     4
Dodge: Dodged            ||    81
